 Dungeon Crawl Stone Soup version 0.29-a0-275-g389c0b56f3 (webtiles) character file.

Game seed: 3832457916134720126

1856 sokol815 the Covert (level 9, -3/54 HPs)
             Began as an Octopode Brigand on Mar 10, 2022.
             Was an Initiate of Gozag.
             Slain by a gnoll sergeant
             ... wielding a +5 spear of venom
              (14 damage)
             ... on level 7 of the Dungeon.
             The game lasted 00:15:47 (7561 turns).

sokol815 the Covert (Octopode Brigand)              Turns: 7561, Time: 00:15:48

Health: -3/54      AC:  5    Str: 10    XL:     9   Next: 13%
Magic:  9/9        EV: 12    Int: 16    God:    Gozag
Gold:   845        SH:  0    Dex: 15    Spells: 2/8 levels left

rFire   + . .      SeeInvis .   a - +2 short sword (protect)
rCold   + . .      Faith    .   (no shield)
rNeg    . . .      Spirit   .   (helmet restricted)
rPois   .          Reflect  .   (no amulet)
rElec   .          Harm     .   A - ring of protection from fire {rF+, !d}
rCorr   .          Rampage  .   F - ring of protection from fire {rF+, !d}
Will    .....                   o - +4 ring of protection
Stlth   ++++++....              c - ring of ice {rC+, rF-}
HPRegen 0.18/turn               (no ring)
MPRegen 0.11/turn               (no ring)
                                (no ring)
                                (no ring)

@: studying Fire Magic
A: almost no armour, amphibious, 8 rings, camouflage 1, gelatinous body 1,
(nimble swimmer 1), tentacles
a: Renounce Religion, Potion Petition, Call Merchant, Bribe Branch


You were on level 7 of the Dungeon.
You worshipped Gozag.
Gozag was pleased with you.
You visited 1 branch of the dungeon, and saw 7 of its levels.

You collected 920 gold pieces.
You paid 75 gold pieces to Gozag.

Inventory:

Hand Weapons
 a - a +2 short sword of protection (weapon)
   (You took it off a kobold on level 2 of the Dungeon)
 f - a +2 dagger
 g - a +3 dagger
   (You took it off a goblin on level 2 of the Dungeon)
 h - a +0 vorpal flail
   (You took it off an orc on level 2 of the Dungeon)
 k - a +0 hand crossbow
   (You took it off a kobold on level 4 of the Dungeon)
Missiles
 b - 9 poisoned darts
 m - 7 boomerangs
 q - 4 curare-tipped darts
 s - 134 stones
Armour
 n - the +1 kite shield of Rexorur {Harm rPois rN+ Int-3}
   (You found it on level 5 of the Dungeon)

   Int:       It affects your intelligence (-3).
   rPois:     It protects you from poison.
   rN:        It protects you from negative energy.
   Harm:      It increases damage dealt and taken.
Jewellery
 c - a ring of ice (on tentacle) {rC+, rF-}
   (You found it on level 6 of the Dungeon)
 o - a +4 ring of protection (on tentacle)
   (You found it on level 5 of the Dungeon)
 A - a ring of protection from fire (left tentacle) {rF+, !d}
   (You found it on level 2 of the Dungeon)
 F - a ring of protection from fire (right tentacle) {rF+, !d}
   (You took it off a kobold on level 2 of the Dungeon)
Wands
 i - a wand of iceblast (4)
   (You found it on level 6 of the Dungeon)
 j - a wand of polymorph (7)
   (You found it on level 6 of the Dungeon)
Scrolls
 d - a scroll of fog
 e - a scroll of identify {@r1}
 W - a scroll of holy word {!r}
 Y - 2 scrolls of teleportation {@r3}
Potions
 H - 4 potions of haste
 L - 2 potions of flight
 P - 2 potions of lignification {!q}
 R - 2 potions of resistance
 U - a potion of mutation {!q}


   Skills:
 - Level 2.0 Fighting
 + Level 6.5 Short Blades
 - Level 2.0 Throwing
 - Level 1.0 Dodging
 * Level 13.5 Stealth
 + Level 2.4 Transmutations
 + Level 2.4 Earth Magic


You had 2 spell levels left.
You knew the following spells:

 Your Spells              Type           Power      Damage    Failure   Level
a - Statue Form           Tmut/Erth      4%         N/A       100%        6

Your spell library contained the following spells:

 Spells                   Type           Power      Damage    Failure   Level
 Slow                     Hex            0%         N/A       26%         1
 Confusing Touch          Hex            0%         N/A       58%         3
 Vampiric Draining        Necr           0%         2d6       58%         3
 Petrify                  Tmut/Erth      7%         N/A       67%         4
 Metabolic Englaciation   Hex/Ice        0%         N/A       100%        5


Dungeon Overview and Level Annotations

Branches:
Dungeon (7/15)             Temple (0/1) D:4

Altars:
Elyvilon
Fedhas
Gozag
Kikubaaqudgha
Uskayaw
Wu Jian

Shops:
D:2 (   D:6 (   D:7 (

Annotations:
D:4 Eustachio


Innate Abilities, Weirdness & Mutations

You cannot wear most types of armour.
You are amphibious.
You can wear up to eight rings at the same time.
Your skin changes colour to match your surroundings (Stealth+).
Your rubbery body absorbs attacks. (AC +1, EV +1)
((You are camouflaged when in or above water. (Stealth+)))
You have tentacles for arms and can constrict up to eight enemies at once.


Message History

The orc hits you but does no damage.
You hit the orc. You squeeze the orc.
You kill the orc!
No target in view!
No target in view!
You now have 845 gold pieces (gained 4).
Things that are here:
a +0 club; a +0 leather armour You see here a +0 dagger.
A gnoll sergeant and 3 gnolls come into view.
The gnoll sergeant is wielding a +5 spear of venom.
The gnoll sergeant shouts!
The gnoll shouts! x2
A gnoll comes into view. It is wielding a +0 flail.
The gnoll hits you with a +0 club.
The gnoll shouts! x2; You hear a shout! x3
You take 2 damage, and have 52/54 hp.
You closely miss the gnoll. You grab the gnoll. Your squeeze misses the gnoll.
You constrict the gnoll. The gnoll hits you but does no damage.
You hit the gnoll.
Your weapon exudes an aura of protection.
You squeeze the gnoll. You constrict the gnoll.
A gnoll comes into view. It is wielding a +0 spear.
The gnoll closely misses you.
You hit the gnoll. You constrict the gnoll. You hit the gnoll but do no damage.
You constrict the gnoll.
You kill the gnoll!
You barely miss the gnoll. Your grab misses the gnoll.
The gnoll is distracted by your dazzling golden aura.
The gnoll sergeant closely misses you. The gnoll closely misses you.
The gnoll shouts!
You hit the gnoll. You grab the gnoll. You constrict the gnoll.
The gnoll sergeant closely misses you. The gnoll closely misses you.
You completely miss the gnoll. You squeeze the gnoll!
You kill the gnoll!
The gnoll sergeant hits you from afar with a +5 spear of venom.
You are poisoned.
You take 4 damage, and have 49/54 hp.
You feel very sick.
The gnoll sergeant hits you with a +5 spear of venom!
You are more poisoned.
The gnoll hits you from afar with a +0 halberd!
Things that are here:
12 gold pieces; a +0 flail; a +0 club You take 21 damage, and have 28/54 hp.
MASSIVE DAMAGE!!
You barely miss the gnoll sergeant. You grab the gnoll sergeant.
You constrict the gnoll sergeant.
You feel very sick.
You take 5 damage, and have 23/54 hp.
You hit the gnoll sergeant but do no damage.
You squeeze the gnoll sergeant, but do no damage.
You constrict the gnoll sergeant.
You feel very sick. The gnoll barely misses you.
The gnoll sergeant hits you with a +5 spear of venom.
* * * LOW HITPOINT WARNING * * *
You are more poisoned.
You take 7 damage, and have 16/54 hp.
You hit the gnoll sergeant but do no damage.
You constrict the gnoll sergeant, but do no damage.
* * * LOW HITPOINT WARNING * * *
You feel very sick.
The gnoll is no longer distracted by gold.
The gnoll misses you. The gnoll sergeant closely misses you.
You take 6 damage, and have 10/54 hp.
You feel better.
You constrict the gnoll sergeant.
The gnoll hits you from afar with a +0 halberd.
The gnoll sergeant closely misses you.
You regained 7 hp, and now have 17/54 hp.
You hit the gnoll sergeant but do no damage.
You squeeze the gnoll sergeant, but do no damage.
You constrict the gnoll sergeant. The gnoll closely misses you.
The gnoll sergeant misses you.
You hit the gnoll sergeant. You constrict the gnoll sergeant.
You hit the gnoll sergeant but do no damage.
You squeeze the gnoll sergeant, but do no damage.
You constrict the gnoll sergeant, but do no damage.
The gnoll hits you from afar with a +0 halberd.
* * * LOW HITPOINT WARNING * * *
The gnoll sergeant hits you with a +5 spear of venom.
* * * LOW HITPOINT WARNING * * *
You are lethally poisoned!
You take 11 damage, and have 6/54 hp.
MASSIVE DAMAGE!!
Really read
D - a scroll of blinking {!r}?
Blink to where?
You lose your grip on something.
As you read the scroll of blinking {!r}, it crumbles to dust.
* * * LOW HITPOINT WARNING * * *
You feel very sick.
You take 3 damage, and have 3/54 hp.
You feel better.
You regained 5 hp, and now have 8/54 hp.
You see here a +0 leather armour.
Things that are here:
a +0 club; a +0 leather armour
There is a stone staircase leading up here.
The gnoll sergeant hits you from afar with a +5 spear of venom!
You die...
Your body crumbles into a pile of gold.

##...g.....#.#............#.#.###
.g.............#.##...##.........
.#.###.).))..###.###.#######.####
$#.# ##[g..### #.# #.# #.# .#.#
#.#..# #.###)# #.# g#.#
#.#)g#####.#...# #.# ** g#.#
#.#...g..g.#.### #.#**, g#.#
#.#.######.#.# #..,,, ...####.#.#
#@#.## ###**,
..........######....#### *,
...####.#.........#....# *, ,,,*
#.#.###.#.....##.# *,
,*.####.#.###.#..[#.##.## *,
,*.........##.#..###....#######*,
,*####..#.#..o..## ##..>.......,,
,* #.##........###....######***
,****#.#........#.#.##.##


You could see a gnoll sergeant.

Vanquished Creatures
  An ice beast (D:7)
  2 sky beasts (D:7)
  4 ogres
  2 phantoms (D:6)
  A kobold brigand (D:7)
  A necrophage (D:7)
  5 wights (D:4)
  2 scorpions
  A vampire bat (D:3)
  A hound (D:6)
  5 orc priests
  4 iguanas
  An orc wizard (D:7)
  A mummy (D:5)
  Robin (D:3)
  2 gnolls (D:7)
  5 adders
  A white imp (D:7)
  2 worms (D:2)
  2 dart slugs
  20 orcs
  13 bats
  6 endoplasms
  3 giant cockroaches
  8 hobgoblins
  7 jackals
  4 quokkas
  5 ball pythons
  6 frilled lizards
  12 goblins
  A hobgoblin zombie (D:5)
  11 kobolds
  A kobold zombie (D:5)
  2 orc zombies (D:5)
  6 rats
149 creatures vanquished.

Vanquished Creatures (others)
  6 plants (D:7)
6 creatures vanquished.

Grand Total: 155 creatures vanquished

Notes
Turn   | Place    | Note
-------+----------+-------------------------------------------
     0 | D:1      | sokol815 the Octopode Brigand began the quest for the Orb.
     0 | D:1      | Reached XP level 1. HP: 14/14 MP: 1/1
   208 | D:1      | Found a faded altar of an unknown god.
   276 | D:1      | Reached XP level 2. HP: 16/19 MP: 2/2
   518 | D:1      | Reached skill level 6 in Stealth
   909 | D:2      | Found Louf's Weapon Emporium.
   971 | D:2      | Reached XP level 3. HP: 24/24 MP: 3/3
  1114 | D:2      | Reached skill level 7 in Stealth
  1114 | D:2      | Reached XP level 4. HP: 29/29 MP: 4/4
  1249 | D:2      | Reached skill level 3 in Short Blades
  2001 | D:3      | Reached XP level 5. HP: 34/34 MP: 5/5
  2247 | D:3      | Reached skill level 8 in Stealth
  2337 | D:3      | Noticed Robin
  2770 | D:3      | Killed Robin
  3300 | D:4      | Found an opulent altar of Gozag.
  3309 | D:4      | Became a worshipper of Gozag Ym Sagoz the Greedy
  3351 | D:4      | Reached skill level 9 in Stealth
  3351 | D:4      | Reached XP level 6. HP: 39/39 MP: 6/6
  3353 | D:4      | Reached skill level 4 in Short Blades
  3362 | D:4      | Reached skill level 10 in Stealth
  3362 | D:4      | Reached XP level 7. HP: 40/45 MP: 7/7
  3403 | D:4      | Found a hide-covered altar of Uskayaw.
  3443 | D:4      | HP: 7/45 [orc priest/divine providence (12)]
  3448 | D:4      | HP: 1/45 [orc priest/divine providence (13)]
  3479 | D:4      | HP: 10/45 [orc priest/+0 dagger (3)]
  3814 | D:4      | Found a staircase to the Ecumenical Temple.
  4266 | D:4      | Noticed Eustachio
  4646 | D:5      | Entered Level 5 of the Dungeon
  4648 | D:5      | Reached skill level 5 in Short Blades
  4791 | D:5      | Reached skill level 11 in Stealth
  4849 | D:5      | Reached XP level 8. HP: 33/50 MP: 8/8
  4991 | D:5      | Identified the +1 kite shield of Rexorur {Harm rPois rN+
                  | Int-3}
  5003 | D:5      | Found a blossoming altar of Fedhas.
  5425 | D:5      | Found a white marble altar of Elyvilon.
  5425 | D:5      | Found an ornate altar of the Wu Jian Council.
  5433 | D:5      | Found an ancient bone altar of Kikubaaqudgha.
  5435 | D:5      | Found a faded altar of an unknown god.
  5437 | D:5      | Found a faded altar of an unknown god.
  5506 | D:6      | Reached skill level 12 in Stealth
  5925 | D:6      | Identified a scroll of acquirement
  5925 | D:6      | Acquired a manual of Fire Magic
  5971 | D:6      | Found Xyafo's Antique Weapon Boutique.
  6055 | D:6      | Learned a level 6 spell: Statue Form
  6875 | D:7      | Reached skill level 6 in Short Blades
  7118 | D:7      | Reached skill level 1 in Transmutations
  7118 | D:7      | Reached skill level 1 in Earth Magic
  7182 | D:7      | Reached skill level 13 in Stealth
  7400 | D:7      | Reached skill level 2 in Transmutations
  7400 | D:7      | Reached skill level 2 in Earth Magic
  7400 | D:7      | Reached XP level 9. HP: 54/54 MP: 9/9
  7404 | D:7      | Found Ganuhept's Antique Weapon Shoppe.
  7539 | D:7      | HP: 10/54 [poisoned by a gnoll sergeant]
  7544 | D:7      | HP: 3/54 [poisoned by a gnoll sergeant]
  7561 | D:7      | Slain by a gnoll sergeant

Illustrated notes

Levels and vault maps discovered:
D:1:      heliophobic_arrival_glass_houses, layout_basic,
          shapermc_ecumenical_altar_starsandcircs
D:2:      layout_basic, serial_shops, shop, chequers_serial_rivers_micro_c
D:3:      layout_basic, roderic_batcave, uniq_robin
D:4:      layout_loops_corners, overflow_temple_1_default,
          mainiacjoe_overflow_six_doors_small, minmay_temple_entry_tees,
          minmay_misc_feat_enclosed, uniq_eustachio
D:5:      layout_basic, mainiacjoe_overflow_brackets,
          chequers_temple_overflow_minitemple, minmay_mini_ossuary
D:6:      layout_cave_pods, serial_shops,
          nicolae_shop_temple_entry_statues_fountains,
          chequers_serial_rivers_micro_a, minmay_misc_feat_rugged
D:7:      layout_loops_ring, serial_shops, nicolae_shop_overgrown_old_shop

Skill      XL: |  1  2  3  4  5  6  7  8 |
---------------+-------------------------+-----
Stealth        | 6 7 9 10 11 13 | 13.5
Short Blades   | 3 4 5 6 |  6.5
Transmutations | 2 |  2.4
Earth Magic    | 2 |  2.4
Fighting       | |  2.0
Throwing       | |  2.0
Dodging        | |  1.0

Action                   |  1- 3 |  4- 6 |  7- 9 || total
-------------------------+-------+-------+-------++-------
Melee: Dagger            |    53 |    37 |       ||    90
       Constrict         |     9 |    25 |    30 ||    64
       Tentacles         |     6 |    18 |    41 ||    65
       Short sword       |       |    78 |   201 ||   279
       Punch             |       |     1 |     1 ||     2
Evoke: Wand              |       |       |     3 ||     3
  Use: Scroll            |     1 |     5 |    13 ||    19
       Potion            |       |       |     5 ||     5
 Stab: Sleeping          |    11 |    20 |    15 ||    46
Armor: Skin              |     7 |    43 |    61 ||   111
Dodge: Dodged            |    25 |    99 |    68 ||   192
Block: Kite shield       |       |       |     9 ||     9

Table legend: (Time is in decaauts)
 A = Elapsed time spent in this place.
 B = Non-inter-level travel time spent in this place.
 C = Inter-level travel time spent in this place.
 D = Time resting spent in this place.
 E = Time spent auto-exploring this place.
 F = Levels seen in this place.
 G = Mean time per level.
                   A        B        C        D        E       F      G
               +--------+--------+--------+--------+--------+-----+--------+
         Total |   7513 |   7019 |    494 |   1878 |   3967 |   7 | 1073.3 |
       Dungeon |   7513 |   7019 |    494 |   1878 |   3967 |   7 | 1073.3 |
               +--------+--------+--------+--------+--------+-----+--------+

Top non-repeatable levels by time:
     D:6: 1484 daAuts
     D:4: 1359 daAuts
     D:2: 1221 daAuts
     D:3: 1194 daAuts
     D:5: 916 daAuts
     D:1: 847 daAuts
     D:7: 488 daAuts

Table legend:
 A = Kills in this place as a percentage of kills in entire the game.
 B = Kills by you in this place as a percentage of kills by you in the entire game.
 C = Kills by friends in this place as a percentage of kills by friends in the entire game.
 D = Other kills in this place as a percentage of other kills in the entire game.
 E = Experience gained in this place as a percentage of experience gained in the entire game.
 F = Experience gained in this place divided by the number of levels of this place that you have seen.
                   A       B       C       D       E      F
               +-------+-------+-------+-------+-------+----------------------
         Total | 100.0 | 100.0 |   N/A |   N/A | 100.0 | 378.9
       Dungeon | 100.0 | 100.0 |   N/A |   N/A | 100.0 | 378.9
               +-------+-------+-------+-------+-------+----------------------
